 Dungeon Crawl Stone Soup version 0.28-a0-512-g960c72b710 (webtiles) character file.

Game seed: 18030911176090890384

849 Lekart the Slasher (level 7, -3/61 HPs)
             Began as a Purple Draconian Chaos Knight on Sept 22, 2021.
             Was a Plaything of Xom.
             Slain by a water moccasin (4 damage)
             ... on level 4 of the Dungeon.
             The game lasted 00:11:31 (4960 turns).

Lekart the Slasher (Purple Draconian Chaos Knight)  Turns: 4960, Time: 00:11:31

Health: -3/61      AC:  7    Str: 13 (16) XL:     7   Next: 69%
Magic:  7/7        EV: 13    Int: 15 (18) God:    Xom [......]
Gold:   121        SH:  0    Dex:  9 (11) Spells: 6/6 levels left

rFire   + . .      SeeInvis .   b - +0 dagger (chaos)
rCold   + . .      Faith    .   (no shield)
rNeg    . . .      Spirit   .   (armour unavailable)
rPois   .          Reflect  .   (helmet restricted)
rElec   .          Harm     .   g - scarf {shadows}
rCorr   .          Rampage  .   (no gloves)
Will    +....      Rnd*Tele +   c - +0 pair of boots
Stlth   ++........              (no amulet)
HPRegen 0.20/turn               f - +6 ring of intelligence
MPRegen 0.10/turn               (no ring)

@: lethally poisoned (-3 -> -39), unable to read
A: breathe power, AC +6, unfitting armour, cold-blooded, cold resistance 1,
deterioration 1, fire resistance 1, teleportitis 1, inability to read while
threatened, MP-powered wands
a: Breathe Dispelling Energy, Renounce Religion


You were on level 4 of the Dungeon.
You worshipped Xom.
You were a very special plaything of Xom.
You visited 1 branch of the dungeon, and saw 5 of its levels.
You also visited: Sewer.

You collected 121 gold pieces.

Inventory:

Hand Weapons
 a - a +0 falchion of draining
 b - a +0 dagger of chaos (weapon)
Armour
 c - a +0 pair of boots (worn)
 g - a scarf of shadows (worn)
Jewellery
 f - a +6 ring of intelligence (left hand)
Scrolls
 d - a scroll of enchant armour
 h - a scroll of identify


   Skills:
 + Level 5.2 Fighting
 + Level 6.1 Long Blades
 + Level 5.1 Dodging
 + Level 2.2 Stealth


You had 6 spell levels left.
You didn't know any spells.
Your spell library was empty.

Dungeon Overview and Level Annotations

Branches:
Dungeon (5/15)              Sewer (visited)
 Temple: D:4-7

Altars:
Okawaru

Shops:
D:4 *

Annotations:
D:2 exclusion: downstairs
D:4 1 runed translucent door, Crazy Yiuf


Innate Abilities, Weirdness & Mutations

You can breathe bolts of dispelling energy.
Your rich purple scales are hard. (AC +6)
You cannot fit into any form of body armour.
You are cold-blooded and may be slowed by cold attacks.
Your flesh is cold resistant. (rC+)
Your body sometimes deteriorates upon taking damage.
Your flesh is heat resistant. (rF+)
You are occasionally teleported next to monsters.
You sometimes lose the ability to read scrolls when taking damage.
You expend magic power (3 MP) to strengthen your wands.


Message History

The water moccasin misses you.
You miss the water moccasin.
The water moccasin is severely wounded.
You feel very sick. The water moccasin bites you.
The water moccasin bites you but does no damage.
You hit the water moccasin.
The water moccasin is almost dead.
You feel sick. The water moccasin bites you.
You are more poisoned.
The water moccasin poisons you! The water moccasin bites you.
The water moccasin closely misses you.
You barely miss the water moccasin.
The water moccasin is almost dead.
You feel very sick. The water moccasin bites you.
You feel threatened and lose the ability to read scrolls!
You are lethally poisoned!
The water moccasin poisons you! The water moccasin closely misses you.
You hit the water moccasin but do no damage.
The water moccasin is almost dead.
* * * LOW HITPOINT WARNING * * *
You feel extremely sick. The water moccasin bites you.
* * * LOW HITPOINT WARNING * * *
You are more poisoned.
The water moccasin poisons you! The water moccasin bites you.
* * * LOW HITPOINT WARNING * * *
The water moccasin bites you but does no damage.
You hit the water moccasin.
The water moccasin suddenly seems more agile.
The water moccasin is almost dead.
* * * LOW HITPOINT WARNING * * *
Your body deteriorates!
You feel dopey.
You emit a cloud of colourful smoke!
You feel extremely sick.
You kill the water moccasin!
The water moccasin bites you.
You die...
Xom thinks this is hilarious!

#.......####.########
##.........#.##.....#
#....#.##.#........#
#....#.##.###......# ######
##.###.##.###......# ##....#
#..##.##...#......# .##...#
##.##.#.§.........#
≈≈#...#####..#.#§##.#.)....#
..#.......##.#.#@##.#.######
..###.....##.#.#S##.### ≈##
#.....##...#Q##.# #... ##
#...........SS..###..##+##
###
#.....###.>......##..#.(.#
.≈###.....#
####.###.##..#.∩.#
.≈≈.......# #.# #.##^.#.SS
#...####### #.###.##..##S##
##### #...S..S(.....#


You could see 2 water moccasins, a tengu and an adder.

Vanquished Creatures
  A water moccasin (D:4)
  A swamp drake (D:5)
  A necrophage (D:5)
  A centaur (D:5)
  A phantom (D:5)
  A kobold brigand (D:5)
  A scorpion (D:5)
  A bullfrog zombie (D:5)
  A jelly (D:4)
  An iguana (D:5)
  An orc wizard (D:4)
  A killer bee zombie (D:5)
  A hound skeleton (D:4)
  7 gnolls
  6 adders
  A white imp (D:5)
  4 dart slugs
  4 orcs
  6 ball pythons
  6 bats
  4 endoplasms
  7 giant cockroaches
  6 goblins
  3 hobgoblins
  7 quokkas
  12 frilled lizards
  6 kobolds
  4 rats
96 creatures vanquished.

Vanquished Creatures (collateral kills)
  Terence (D:3)
1 creature vanquished.

Vanquished Creatures (others)
  An adder (D:4)
1 creature vanquished.

Grand Total: 98 creatures vanquished

Notes
Turn   | Place    | Note
-------+----------+-------------------------------------------
     0 | D:1      | Lekart the Draconian Chaos Knight began the quest for the
                  | Orb.
     0 | D:1      | Reached XP level 1. HP: 19/19 MP: 1/1
    56 | D:1      | Found a faded altar of an unknown god.
   238 | D:1      | XOM: silly message
   417 | D:1      | Reached XP level 2. HP: 26/26 MP: 2/2
   454 | D:1      | XOM: silly message
   972 | D:2      | Reached XP level 3. HP: 29/33 MP: 3/3
  1340 | D:2      | XOM: confuse monster(s)
  1410 | D:3      | XOM: silly message
  1520 | D:2      | Reached XP level 4. HP: 19/40 MP: 4/4
  2116 | D:3      | Found an iron altar of Okawaru.
  2209 | D:3      | XOM: potion effect (might)
  2212 | D:3      | Reached skill level 4 in Long Blades
  2432 | D:3      | Noticed Terence
  2443 | D:3      | XOM: divination: detect creatures
  2443 | D:3      | HP: 1/41 [Terence (9)]
  2703 | D:2      | XOM: give mutations
  2703 | D:2      | Gained mutation: Your tail ends in a poisonous barb. [Xom's
                  | grace]
  2703 | D:2      | Gained mutation: You are resistant to electric shocks.
                  | (rElec) [Xom's grace]
  2703 | D:2      | Gained mutation: Your mind is acute. (Int +2) [Xom's grace]
  2703 | D:2      | Gained mutation: You have sharp toenails. [Xom's grace]
  2805 | D:3      | XOM: summons friendly iron imp
  2811 | D:3      | XOM: scenery: summon butterflies
  2812 | D:3      | Killed Terence
  2958 | D:3      | Reached XP level 5. HP: 47/47 MP: 5/5
  2969 | D:3      | XOM: give mutations
  2969 | D:3      | Lost mutation: You are resistant to electric shocks.
                  | (rElec) [Xom's mischief]
  2969 | D:3      | Gained mutation: Your body sometimes deteriorates upon
                  | taking damage. [Xom's mischief]
  3018 | D:3      | XOM: cleaving
  3051 | D:3      | XOM: god gift: plate armour {god gift}
  3511 | D:4      | Reached skill level 1 in Stealth
  3540 | D:4      | Found a runed translucent door.
  3541 | D:4      | Noticed Crazy Yiuf
  3853 | D:4      | Reached XP level 6. HP: 53/53 MP: 6/6
  3900 | D:4      | Found a glowing drain.
  3921 | D:4      | XOM: polymorph quokka -> bat
  3927 | Sewer    | Entered a sewer
  4244 | Sewer    | XOM: give mutations
  4244 | Sewer    | Gained mutation: You possess an exceptional clarity of
                  | mind. [Xom's mischief]
  4244 | Sewer    | Gained mutation: You expend magic power (3 MP) to
                  | strengthen your wands. [Xom's mischief]
  4421 | D:4      | Found Wudus's Serpentskin Sales.
  4421 | D:4      | Noticed a water moccasin
  4421 | D:4      | Noticed a water moccasin
  4421 | D:4      | Noticed a water moccasin
  4421 | D:4      | Noticed a water moccasin
  4433 | D:4      | XOM: confuse monster(s)
  4434 | D:5      | Entered Level 5 of the Dungeon
  4461 | D:5      | XOM: god gift: puce potion {god gift}
  4463 | D:5      | Lost mutation: You have sharp toenails. [potion of
                  | mutation]
  4463 | D:5      | Lost mutation: You possess an exceptional clarity of mind.
                  | [potion of mutation]
  4463 | D:5      | Gained mutation: You possess an exceptional clarity of
                  | mind. [potion of mutation]
  4463 | D:5      | Gained mutation: You are agile. (Dex +2) [potion of
                  | mutation]
  4468 | D:5      | XOM: swap monsters
  4472 | D:5      | Reached skill level 5 in Long Blades
  4474 | D:5      | XOM: give mutations
  4474 | D:5      | Lost mutation: Your mind is acute. (Int +2) [Xom's
                  | mischief]
  4474 | D:5      | Gained mutation: You sometimes lose the ability to read
                  | scrolls when taking damage. [Xom's mischief]
  4474 | D:5      | Gained mutation: Your system is resistant to poisons.
                  | (rPois) [Xom's mischief]
  4558 | D:5      | Reached skill level 5 in Fighting
  4558 | D:5      | Your scales start taking on a rich purple colour.
  4558 | D:5      | Reached XP level 7. HP: 27/61 MP: 7/7
  4579 | D:5      | XOM: chaos upgrade
  4589 | D:5      | XOM: blink monster(s)
  4769 | D:5      | XOM: cloud trail
  4821 | D:5      | Lost mutation: Your body sometimes deteriorates upon taking
                  | damage. [potion of mutation]
  4821 | D:5      | Lost mutation: Your tail ends in a poisonous barb. [potion
                  | of mutation]
  4821 | D:5      | Lost mutation: You are agile. (Dex +2) [potion of mutation]
  4821 | D:5      | Gained mutation: Your flesh is heat resistant. (rF+)
                  | [potion of mutation]
  4821 | D:5      | Gained mutation: You are strong-willed. (Will+) [potion of
                  | mutation]
  4821 | D:5      | Gained mutation: Your body sometimes deteriorates upon
                  | taking damage. [potion of mutation]
  4822 | D:5      | Lost mutation: Your system is resistant to poisons. (rPois)
                  | [potion of mutation]
  4822 | D:5      | Lost mutation: You are strong-willed. (Will+) [potion of
                  | mutation]
  4822 | D:5      | Lost mutation: You possess an exceptional clarity of mind.
                  | [potion of mutation]
  4822 | D:5      | Gained mutation: Your flesh is cold resistant. (rC+)
                  | [potion of mutation]
  4822 | D:5      | Gained mutation: You are occasionally teleported next to
                  | monsters. [potion of mutation]
  4843 | D:5      | XOM: polymorph gnoll shaman -> swamp drake
  4848 | D:5      | XOM: summons friendly iron imp
  4865 | D:5      | Reached skill level 6 in Long Blades
  4865 | D:5      | Reached skill level 5 in Dodging
  4932 | D:5      | XOM: summons 4 hostile demons
  4933 | D:5      | Noticed an orange demon
  4933 | D:5      | Noticed a rust devil
  4940 | D:4      | XOM: blink monster(s)
  4945 | D:4      | XOM: polymorph water moccasin -> tengu
  4960 | D:4      | HP: 1/61 [poisoned by a water moccasin]
  4960 | D:4      | XOM: smoke on damage
  4960 | D:4      | Slain by a water moccasin

Illustrated notes

Levels and vault maps discovered:
D:1:      dpeg_arrival_houses_and_road, layout_loops_corners,
          basic_ecumenical_altar
D:2:      layout_basic
D:3:      layout_loops_cross, mainiacjoe_overflow_paths, serial_bayou_pond_a,
          uniq_terence
D:4:      layout_basic, gup_sewer_entry_pipe, guppyfry_shop_venom,
          uniq_crazy_yiuf_cottage, uniq_blork_the_orc
D:5:      cheibrodos_iron_armory, layout_gridville, amcnicky_altar_gilded,
          minmay_bent

Skill      XL: |  1  2  3  4  5  6  7 |
---------------+----------------------+-----
Fighting       | 4 5 |  5.2
Dodging        | 3 4 5 |  5.1
Long Blades    | 4 5 6 |  6.1
Stealth        | 1 2 |  2.2

Action                   |  1- 3 |  4- 6 |  7- 9 || total
-------------------------+-------+-------+-------++-------
Melee: Falchion          |    59 |   267 |    34 ||   360
       Tailslap          |     9 |    25 |     8 ||    42
       Kick              |       |     4 |       ||     4
       Dagger            |       |       |    17 ||    17
Throw: Throwing net      |       |     3 |       ||     3
 Abil: Breathe Dispellin |       |       |     2 ||     2
  Use: Scroll            |       |     7 |     3 ||    10
       Potion            |       |     3 |    14 ||    17
 Stab: Held in net/web   |       |     1 |       ||     1
       Sleeping          |       |     2 |       ||     2
       Invisible         |       |       |     2 ||     2
Armor: Skin              |    24 |   116 |    42 ||   182
Dodge: Dodged            |    41 |   182 |    54 ||   277

Table legend: (Time is in decaauts)
 A = Elapsed time spent in this place.
 B = Non-inter-level travel time spent in this place.
 C = Inter-level travel time spent in this place.
 D = Time resting spent in this place.
 E = Time spent auto-exploring this place.
 F = Levels seen in this place.
 G = Mean time per level.
                   A        B        C        D        E       F      G
               +--------+--------+--------+--------+--------+-----+--------+
         Total |   5073 |   4978 |     95 |   1194 |   2704 |   6 |  845.5 |
       Dungeon |   4556 |   4461 |     95 |   1131 |   2442 |   5 |  911.2 |
         Sewer |    516 |    516 |      0 |     63 |    261 |   1 |  516.0 |
               +--------+--------+--------+--------+--------+-----+--------+

Top non-repeatable levels by time:
     D:3: 1404 daAuts
     D:2: 1066 daAuts
     D:1: 932 daAuts
     D:4: 651 daAuts
   Sewer: 516 daAuts
     D:5: 502 daAuts
